 Dungeon Crawl Stone Soup version 0.16-a0-4056-gee4db93 (webtiles) character file.

21543 Sixotanaka the Brawler (level 12, -7/104 HPs)
             Began as a Troll Monk on Feb 20, 2015.
             Was a High Priest of Cheibriados.
             Engulfed by an ice statue's freezing vapour (46 damage)
             ... in an ice cave.
             The game lasted 00:40:31 (13033 turns).

Sixotanaka the Brawler (Troll Monk)                Turns: 13033, Time: 00:40:31

Health: -7/104     AC:  6    Str: 35    XL:     12   Next: 55%
Magic:  12/18      EV: 23    Int: 20    God:    Cheibriados [*****.]
Gold:   943        SH:  0    Dex: 31    Spells: 3 memorised, 6 levels left

rFire  . . .     SeeInvis .       - Unarmed
rCold  . . .     Clarity  .     a - +0 robe
rNeg   . . .     SustAb   .     (shield restricted)
rPois  .         Gourm    +     W - +0 hat
rElec  .         Spirit   .     P - +0 cloak
rCorr  .         Warding  .     (gloves unavailable)
rMut   .         Stasis   .     (boots unavailable)
MR     .....                    Y - amulet of regeneration
Stlth  +++.......               R - +4 ring of evasion
                                m - +3 ring of dexterity

@: regenerating, very slow, not resistant to hostile enchantments, fairly
stealthy
A: unfitting armour, claws 3, fast metabolism 3, gourmand, regeneration 2,
shaggy fur 1, tough skin 2
a: Bend Time, Temporal Distortion, Slouch, Step From Time, Renounce Religion


You were in an ice cave.
You worshipped Cheibriados.
Cheibriados was extremely pleased with you.
You were completely stuffed.

You visited 3 branches of the dungeon, and saw 15 of its levels.
You also visited: Sewer and Ice Cave.

You collected 943 gold pieces.


Innate Abilities, Weirdness & Mutations

You are too large for most types of armour.
You have claws for hands.
Your metabolism is lightning-fast.
You like to eat raw meat.
You heal very quickly.
You are covered in fur (AC +1).
You have very tough skin (AC +2).


   Skills:
 - Level 2.4 Fighting
 + Level 7.7 Dodging
 - Level 1.1 Stealth
 + Level 15.0 Unarmed Combat
 - Level 6.1 Necromancy
 - Level 6.1 Invocations
 - Level 5.1 Evocations


You had 6 spell levels left.
You knew the following spells:

 Your Spells              Type           Power        Failure   Level  Hunger
e - Apportation           Tloc           #.........   21%         1    ##.....
g - Regeneration          Chrm/Necr      ##........   17%         3    ####...
R - Summon Butterflies    Summ           #.......     21%         1    ##.....


Dungeon Overview and Level Annotations

Branches:
Dungeon (9/15)             Temple (1/1) D:6            Lair (5/8) D:9
 Spider (0/5) Lair:4
  Swamp: Lair:3-6    Shoals: Lair:3-6       Orc: D:9-12

Altars:
Cheibriados
Dithmenos
Kikubaaqudgha
Okawaru
Ru
Sif Muna
Trog
Yredelemnul
Zin

Annotations:
IceCv exclusion: 3 ice statues

Inventory:

Hand weapons
 q - a +0 blowgun
Missiles
 X - 29 poisoned needles
Armour
 a - a +0 robe (worn)
 P - a +0 cloak (worn)
 W - a +0 hat (worn)
Jewellery
 e - an uncursed ring of fire
 m - a +3 ring of dexterity (left claw)
 p - an uncursed amulet of warding
 R - a +4 ring of evasion (right claw)
 T - an uncursed ring of teleportation
 Y - an amulet of regeneration (around neck)
 Z - an uncursed ring of teleport control
Magical devices
 y - a wand of teleportation (5) {@v4}
 K - a wand of disintegration (0)
 L - a wand of digging (14)
 M - a wand of fire (7)
Scrolls
 c - 2 scrolls of noise {unknown}
 f - 2 scrolls of magic mapping {unknown}
 g - 4 scrolls of remove curse {@r2}
 h - a scroll of vulnerability {unknown}
 s - 3 scrolls of amnesia {unknown}
 x - 4 scrolls of blinking
 B - a scroll of recharging {unknown}
 D - 4 scrolls of teleportation {@r4}
 E - a scroll of fear {unknown}
 H - a scroll of enchant weapon {unknown}
 N - a scroll of immolation {unknown}
 U - a scroll of fog {unknown}
Potions
 d - 3 potions of lignification {!q}
 i - 3 potions of heal wounds {@q2}
 j - a potion of mutation {unknown}
 k - a potion of cure mutation
 o - 6 potions of flight
 t - 7 potions of curing {@q1}
 u - 3 potions of brilliance
 w - 4 potions of restore abilities
 z - 2 potions of might {unknown}
 F - a potion of magic {unknown}
 G - 2 potions of cancellation
 Q - a potion of degeneration {unknown}
 S - 2 potions of poison {unknown}
 V - a potion of beneficial mutation {unknown}
Miscellaneous
 r - a phial of floods
Comestibles
 b - 9 meat rations
 l - 9 bread rations
 n - 4 beef jerkies
 A - 11 slices of pizza
 C - 18 fruits
 J - 10 royal jellies
 O - a chunk of flesh

##.....##
###.###
##.....##
##.......##
#.........#
#.........#
#.........#
#[..§§.../#
#..§@§§§/.#
#####§#####
#8.§Y§§..8#
#...§§§§..#
#...§§....#
#.........#
#.........#
##...Y...##
##...Y.##


You could see an ice beast.


Message History

You claw the ice beast!
You kill the ice beast!
Cheibriados thoroughly appreciates the change of pace.
You claw the ice beast! The ice beast barely misses you.
You mangle the ice beast!!
You kill the ice beast!
Cheibriados appreciates the change of pace.
Your skin stops crawling.
You barely miss the ice beast.
The ice beast hits you but does no damage.
You scratch the ice beast. You claw the ice beast!
Your claw misses the ice beast. The ice beast misses you.
You mangle the ice beast!!
You kill the ice beast!
Cheibriados thoroughly appreciates the change of pace.
Found two wands of flame, a ring mail and 58 gold pieces.
Eating one of 12 chunks of flesh.
This raw flesh tastes great.
You continue eating. x2
You now have 921 gold pieces (gained 36).
You now have 933 gold pieces (gained 12).
You see here a wand of flame.
You now have 943 gold pieces (gained 10).
You see here a wand of flame.
You can't carry that many items.
You see here a wand of flame.
You can't carry that many items.
Drop what? 52/52 slots (_ for help) (? for menu, Esc to quit)
You drop a wand of confusion.
Some of the chunks of flesh in your inventory have rotted away.
You drop a wand of enslavement.
You see here a wand of flame. 3 ice statues come into view.
The ice statue throws cold at you. The bolt of cold misses you.
The ice statue throws cold at you. The bolt of cold misses you.
You start waiting.
Some of the chunks of flesh in your inventory have rotted away.
You mangle the ice beast!! You mangle the ice beast!!
You kill the ice beast!
Your skin crawls.
Your skin is crawling a little less now.
Really walk into a travel-excluded area? [Y]es or [N]o only, please.
Really walk into a travel-excluded area?
Okay, then.
Your skin crawls.
Really walk into a travel-excluded area?
The ice statue throws cold at you.
The ice statue glitters chillingly in the dim dungeon light.
The ice statue throws ice at you. The shard of ice hits you!
The ice statue throws ice at you. The shard of ice misses you.
You hear a sizzling sound!
Evoking this partially-identified wand wasted a few charges.
The ice statue throws cold at you. The freezing blast engulfs you!
The ice statue glitters chillingly in the dim dungeon light.
The ice statue is unaffected.
Evoking this partially-identified wand wasted a few charges.
You are engulfed in freezing vapours.
* * * LOW HITPOINT WARNING * * *
The ice statue glitters chillingly in the dim dungeon light.
The ice statue throws cold at you. The freezing blast misses you.
You are engulfed in freezing vapours.
You die...

Action                   |  1- 3 |  4- 6 |  7- 9 | 10-12 || total
-------------------------+-------+-------+-------+-------++-------
Melee: Unarmed           |   111 |   201 |   335 |   505 ||  1152
 Cast: Regeneration      |       |       |     1 |    11 ||    12
Invok: Bend Time         |       |       |     1 |       ||     1
       Slouch            |       |       |       |     9 ||     9
       Step From Time    |       |       |       |     1 ||     1
       Temporal Distorti |       |       |       |     1 ||     1
Evoke: Wand              |       |       |       |     5 ||     5
       Phial of floods   |       |       |       |     1 ||     1
  Use: Scroll            |       |       |    11 |     5 ||    16
       Potion            |       |       |       |     1 ||     1
 Stab: Sleeping          |       |     7 |     8 |     6 ||    21
       Distracted        |       |       |     2 |       ||     2
  Eat: Chunk             |    16 |    23 |    29 |    39 ||   107

Vault maps used:
D:1:      dpeg_arrival_water_fire, minmay_misc_feat_square,
          minmay_misc_feat_hallway
D:2:      minmay_misc_feat_ornament, lemuel_blue_sif_altar
D:3:      first_bread
D:5:      portal_sewer_entry_e
D:6:      minmay_temple_entry_grid
D:7:      basic_altar, st_stairs_3, uniq_crazy_yiuf_cottage, uniq_sigmund
D:8:      overflow_temple_1_default, kiku_gazebo_garden_becter, serial_pond,
          minmay_pond_plants_q, minmay_pond_fungi_h, minmay_pond_plants_k,
          minmay_pond_plants_s
D:9:      lemuel_doored_altar, due_lair_maze_entry_diamond, special_room,
          grunt_livestock, wad_dig_loot, uniq_pikel, uniq_duvessa,
          uniq_gastronok
Temple:   nicolae_temple_elliptical
Lair:1:   lemuel_fruit_fields
Lair:2:   lab_entry_generic
Lair:3:   grunt_megastairs_4
Lair:4:   spider_nest_entry_a, lemuel_fruit_tree, uniq_maud
Lair:5:   minmay_shoals_entry_centaurs, portal_ice_cave_entry_ice_beasts
Sewer:    sewer_co_15_rooms
IceCv:    ice_cave_statue_garden_02

Notes
Turn   | Place    | Note
--------------------------------------------------------------
     0 | D:1      | Sixotanaka, the Troll Monk, began the quest for the Orb.
     0 | D:1      | Reached XP level 1. HP: 22/22 MP: 1/1
   126 | D:1      | Reached XP level 2. HP: 27/29 MP: 1/1
   341 | D:1      | Sixotanaka: course that'd happen on d1
   394 | D:1      | Reached skill level 5 in Unarmed Combat
   394 | D:1      | Reached XP level 3. HP: 34/36 MP: 2/2
   903 | D:2      | Found a deep blue altar of Sif Muna.
  1428 | D:2      | Reached XP level 4. HP: 44/44 MP: 2/2
  1793 | D:3      | Reached skill level 6 in Unarmed Combat
  2240 | D:3      | Reached XP level 5. HP: 47/50 MP: 2/2
  2281 | D:3      | Sixotanaka: Tr reasons
  2281 | D:3      | Sixotanaka: tab...
  2842 | D:4      | Reached skill level 7 in Unarmed Combat
  2982 | D:4      | Reached XP level 6. HP: 34/59 MP: 3/3
  3296 | D:5      | Entered Level 5 of the Dungeon
  3483 | D:5      | Reached skill level 8 in Unarmed Combat
  3497 | D:5      | Found a glowing drain.
  3512 | Sewer    | Entered a sewer
  3655 | Sewer    | Reached XP level 7. HP: 66/66 MP: 3/3
  4082 | D:5      | Reached skill level 9 in Unarmed Combat
  4736 | D:6      | Found a staircase to the Ecumenical Temple.
  4746 | Temple   | Entered the Ecumenical Temple
  4753 | Temple   | Became a worshipper of Cheibriados the Contemplative
  4804 | D:6      | Reached skill level 10 in Unarmed Combat
  4845 | D:6      | Reached XP level 8. HP: 62/74 MP: 3/3
  5364 | D:7      | Noticed Sigmund
  5397 | D:7      | Killed Sigmund
  5517 | D:7      | Acquired Cheibriados' first power
  5644 | D:7      | Reached skill level 11 in Unarmed Combat
  5718 | D:7      | Reached skill level 1 in Invocations
  5721 | D:7      | Found a deep blue altar of Sif Muna.
  5733 | D:7      | Reached skill level 3 in Dodging
  5781 | D:7      | Learned a level 1 spell: Apportation
  5785 | D:7      | Learned a level 3 spell: Regeneration
  5802 | D:7      | Reached skill level 2 in Invocations
  5833 | D:7      | Reached skill level 1 in Necromancy
  5900 | D:7      | Noticed Crazy Yiuf
  5909 | D:7      | Killed Crazy Yiuf
  6118 | D:8      | Reached skill level 2 in Necromancy
  6118 | D:8      | Reached skill level 3 in Invocations
  6140 | D:8      | Reached XP level 9. HP: 68/80 MP: 7/9
  6232 | D:8      | Found a shadowy altar of Dithmenos.
  6253 | D:8      | Acquired Cheibriados' second power
  6649 | D:8      | Reached skill level 3 in Necromancy
  6671 | D:8      | Reached skill level 4 in Invocations
  6672 | D:8      | Found an ancient bone altar of Kikubaaqudgha.
  6981 | D:8      | Reached skill level 4 in Dodging
  7058 | D:8      | Reached skill level 5 in Invocations
  7528 | D:9      | Acquired Cheibriados' third power
  7562 | D:9      | Found a staircase to the Lair.
  7667 | D:9      | Reached skill level 5 in Dodging
  7678 | D:9      | Reached skill level 6 in Invocations
  7825 | D:9      | Noticed Gastronok
  7843 | D:9      | HP: 11/80 [Gastronok (15)]
  7848 | D:9      | Killed Gastronok
  7848 | D:9      | Reached skill level 4 in Necromancy
  7848 | D:9      | Reached XP level 10. HP: 14/88 MP: 15/15
  7929 | D:9      | Noticed Duvessa
  7939 | D:9      | Killed Duvessa
  7942 | D:9      | Noticed Dowan
  8015 | D:9      | Killed Dowan
  8133 | D:9      | Found an iron altar of Okawaru.
  8186 | D:9      | Noticed Pikel
  8194 | D:9      | Killed Pikel
  8357 | D:9      | Reached skill level 5 in Necromancy
  8482 | D:9      | Reached skill level 12 in Unarmed Combat
  8868 | D:9      | Reached skill level 6 in Necromancy
  9027 | Lair:1   | Entered Level 1 of the Lair of Beasts
  9471 | Lair:1   | Learned a level 1 spell: Summon Butterflies
  9857 | Lair:1   | Reached XP level 11. HP: 71/94 MP: 16/16
 10178 | Lair:2   | Noticed a seven-headed hydra
 10275 | Lair:2   | Reached skill level 6 in Dodging
 10345 | Lair:2   | Reached skill level 13 in Unarmed Combat
 10345 | Lair:2   | Reached skill level 1 in Evocations
 10429 | Lair:2   | HP: 19/94 [seven-headed hydra (14)]
 10430 | Lair:2   | Reached skill level 2 in Evocations
 10430 | Lair:2   | Killed a seven-headed hydra
 10431 | Lair:2   | Reached skill level 3 in Evocations
 11310 | Lair:3   | Reached skill level 4 in Evocations
 11682 | Lair:4   | Reached skill level 14 in Unarmed Combat
 11726 | Lair:4   | Noticed Maud
 11740 | Lair:4   | Killed Maud
 11740 | Lair:4   | Reached skill level 5 in Evocations
 11740 | Lair:4   | Reached XP level 12. HP: 56/104 MP: 15/18
 12203 | Lair:4   | Found a hole to the Spider Nest.
 12831 | Lair:5   | Reached skill level 7 in Dodging
 12929 | Lair:5   | Found a frozen archway.
 12952 | Lair:5   | Reached skill level 15 in Unarmed Combat
 12962 | IceCv    | Entered an ice cave
 13033 | IceCv    | Engulfed by an ice statue's freezing vapour

Vanquished Creatures
  Maud (Lair:4)
  Gastronok (D:9)
  A hydra (Lair:2)
  Pikel (D:9)
  A black mamba (Lair:4)
  4 elephants
  6 spiny frogs
  A komodo dragon (Lair:4)
  2 fire drakes
  A queen bee (D:9)
  A two-headed ogre (D:9)
  8 blink frogs
  2 wraiths
  A basilisk (Lair:2)
  A deep elf mage (D:9)
  A hog (D:9)
  A human (D:9)
  14 yaks
  2 hippogriffs
  9 water moccasins
  2 porcupines
  A black bear (D:7)
  A slave (D:9)
  8 spiders (Lair:4)
  16 ice beasts
  2 sky beasts
  3 ogres
  2 wasps
  Sigmund (D:7)
  Duvessa (D:9)
  5 centaurs
  8 crocodiles
  3 big kobolds
  6 giant frogs
  A scorpion (D:8)
  2 wyvern skeletons
  4 wights (D:8)
  11 killer bees (D:9)
  4 electric eels (D:8)
  13 hounds
  Dowan (D:9)
  3 crimson imps
  A goliath beetle (D:8)
  3 giant frog zombies
  Crazy Yiuf (D:7)
  A centaur skeleton (D:6)
  2 giant frog skeletons
  3 jellies
  3 orc wizards
  6 worker ants
  2 iguanas
  3 sheep (D:9)
  A killer bee zombie (D:5)
  3 hound skeletons (D:9)
  2 mummies
  6 adders
  7 gnolls
  55 river rats
  2 shadow imps
  2 giant mites
  11 worms
  3 adder skeletons
  8 oozes
  20 orcs
  2 bat zombies
  4 giant cockroaches
  12 goblins
  18 hobgoblins
  15 jackals
  28 kobolds
  11 quokkas
  4 ball pythons
  18 bats
  5 giant geckos
  2 giant gecko skeletons
  8 giant newts
  2 jackal zombies (D:7)
  A quokka skeleton (D:4)
  24 rats
  A plant (D:8)
457 creatures vanquished.

Vanquished Creatures (others)
  A water elemental (Lair:2)
  3 slaves (D:9)
  A worker ant (D:9)
  A bat (D:9)
  A fungus (D:9)
7 creatures vanquished.

Grand Total: 464 creatures vanquished
